 Dungeon Crawl Stone Soup version 0.28-a0-1429-gf3d713df7a (webtiles) character file.

Game seed: 13382912734435566777

279 skittles the Chopper (level 6, -4/56 HPs)
             Began as a Minotaur Fighter on Jan 8, 2022.
             Was a Believer of Wu Jian.
             Slain by Pikel (8 damage)
             ... on level 5 of the Dungeon.
             The game lasted 00:07:22 (3064 turns).

skittles the Chopper (Minotaur Fighter)             Turns: 3064, Time: 00:07:23

Health: -4/56      AC: 10    Str: 23    XL:     6   Next: 5%
Magic:  5/5        EV:  8    Int:  5    God:    Wu Jian [**....]
Gold:   142        SH:  4    Dex:  9    Spells: 5/5 levels left

rFire   . . .      SeeInvis .   a - +0 war axe
rCold   . . .      Faith    .   c - +0 buckler
rNeg    . . .      Spirit   .   y - +0 chain mail
rPois   .          Reflect  .   (helmet restricted)
rElec   .          Harm     .   (no cloak)
rCorr   .          Rampage  .   (no gloves)
Will    .....                   f - +0 pair of boots
Stlth   ..........              (no amulet)
HPRegen 0.18/turn               (no ring)
MPRegen 0.09/turn               (no ring)

@: mighty
A: horns 2, retaliatory headbutt
a: Renounce Religion, Wall Jump


You were on level 5 of the Dungeon.
You worshipped Wu Jian.
Wu Jian was pleased with you.
You visited 1 branch of the dungeon, and saw 5 of its levels.

You collected 142 gold pieces.

Inventory:

Hand Weapons
 a - a +0 war axe (weapon)
 h - a +1 dagger of draining
 k - a +0 dagger
 m - a +0 mace
 s - a +2 dagger of protection
Missiles
 g - 17 poisoned darts (quivered)
Armour
 b - a +0 scale mail
 c - a +0 buckler (worn)
 f - a +0 pair of boots (worn)
 n - a +0 scale mail
 t - a +2 robe of fire resistance
 y - a +0 chain mail (worn)
Magical Staves
 p - a staff of fire
Jewellery
 e - a ring of resist corrosion
Scrolls
 o - a scroll of teleportation {unknown}
 u - a scroll of identify {unknown}
 A - a scroll of torment {unknown}
Potions
 d - a potion of might
 i - 3 potions of curing {unknown}
 j - a potion of attraction {unknown}
 l - a potion of degeneration {unknown}
 q - 2 potions of brilliance {unknown}
 r - a potion of magic {unknown}
 v - a potion of lignification {unknown}
 w - a potion of haste {unknown}
 x - a potion of flight {unknown}
 z - 2 potions of invisibility {unknown}


   Skills:
 + Level 5.4 Fighting
 * Level 6.1 Axes
 - Level 3.6 Armour
 * Level 1.8 Dodging
 - Level 3.6 Shields


You had 5 spell levels left.
You didn't know any spells.
Your spell library contained the following spells:

 Spells                   Type           Power      Damage    Failure   Level
 Animate Skeleton         Necr           0%         N/A       99%         1
 Foxfire                  Conj/Fire      0%         2x1d4     99%         1
 Magic Dart               Conj           0%         1d3       99%         1
 Pain                     Necr           0%         1d4       99%         1
 Slow                     Hex            0%         N/A       99%         1
 Call Imp                 Summ           0%         N/A       100%        2
 Confusing Touch          Hex            0%         N/A       100%        3
 Conjure Flame            Conj/Fire      0%         6-21      100%        3
 Inner Flame              Hex/Fire       0%         N/A       100%        3
 Mephitic Cloud           Conj/Pois/Air  0%         N/A       100%        3
 Vampiric Draining        Necr           0%         2d6       100%        3
 Flame Wave               Conj/Fire      0%         2d4       100%        4


Dungeon Overview and Level Annotations

Branches:
Dungeon (5/15)
 Temple: D:4-7

Altars:
Fedhas
Sif Muna
Wu Jian

Shops:
D:4 :[(*

Annotations:
D:5 Pikel


Innate Abilities, Weirdness & Mutations

You have a pair of horns on your head.
You reflexively headbutt those who attack you in melee.


Message History

You are too injured to fight recklessly!
Unknown command.
You are too injured to fight recklessly!
Unknown command.
You are too injured to fight recklessly!
Unknown command.
You barely miss Pikel.
Pikel is lightly wounded.
You hit the lemure. You closely miss the lemure. You slash the lemure!
You hit the lemure. The lemure hits you. Pikel barely misses you.
The lemure hits you.
The lemure hits you but does no damage. x3
The scorpion stings you. Pikel hits you but does no damage.
The lemure hits you but does no damage. x2; The lemure completely misses you.
You feel very mighty all of a sudden.
The scorpion stings you but does no damage.
The lemure hits you!
* * * LOW HITPOINT WARNING * * *
Pikel hits you but does no damage. You block the lemure's attack.
The lemure closely misses you. The lemure hits you but does no damage.
You slash Pikel! You headbutt Pikel.
Pikel is heavily wounded.
You hit the lemure.
You kill the lemure!
That felt strangely unrewarding.
You hit the scorpion. You hit the lemure. You barely miss the lemure.
You slash the lemure!
The scorpion stings you but does no damage.
The lemure barely misses you. x2; The lemure hits you but does no damage.
Pikel hits you with a +0 whip of freezing.
* * * LOW HITPOINT WARNING * * *
Pikel freezes you.
* * * LOW HITPOINT WARNING * * *
You hit Pikel. You headbutt Pikel.
Pikel is severely wounded.
You slash the lemure!
You kill the lemure!
That felt strangely unrewarding.
You hit the lemure. You closely miss the lemure. You closely miss the scorpion.
The scorpion barely misses you.
Pikel hits you with a +0 whip of freezing!
You die...

### ####..#
.......
.......##
........#
......s.##
......5@K#
...[...5..#
..........#
..........#
...........
...........#
...........#
...........#


You could see Pikel, 2 lemures and a scorpion.

Vanquished Creatures
  2 lemures (D:5)
  Jessica (D:2)
  An iguana (D:4)
  Terence (D:2)
  Natasha (thrice) (D:2)
  Robin (D:2)
  4 adders
  A worm (D:2)
  4 orcs (D:3)
  6 bats
  6 endoplasms
  3 giant cockroaches (D:2)
  19 goblins
  4 hobgoblins
  6 jackals
  4 kobolds
  A quokka (D:2)
  6 ball pythons
  2 frilled lizards (D:2)
  3 rats
78 creatures vanquished.

Notes
Turn   | Place    | Note
-------+----------+-------------------------------------------
     0 | D:1      | skittles the Minotaur Fighter began the quest for the Orb.
     0 | D:1      | Reached XP level 1. HP: 19/19 MP: 0/0
   195 | D:1      | You fall into a shaft and drop 1 floor!
   225 | D:1      | Reached XP level 2. HP: 27/27 MP: 1/1
   225 | D:1      | Found a faded altar of an unknown god.
   240 | D:1      | Reached skill level 3 in Axes
   246 | D:1      | Prayed at the altar of an unknown god.
   246 | D:1      | Became a worshipper of the Wu Jian Council
   246 | D:1      | Reached * piety under Wu Jian
  1247 | D:2      | Noticed Terence
  1253 | D:2      | Killed Terence
  1254 | D:2      | Reached XP level 3. HP: 32/35 MP: 2/2
  1345 | D:2      | Reached skill level 4 in Axes
  1441 | D:2      | Reached XP level 4. HP: 41/41 MP: 3/3
  1587 | D:2      | Reached ** piety under Wu Jian
  1617 | D:2      | Noticed Robin
  1630 | D:2      | Killed Robin
  1631 | D:2      | Reached skill level 5 in Fighting
  1782 | D:2      | Noticed Natasha
  1783 | D:2      | Noticed Jessica
  1786 | D:2      | Killed Natasha
  1787 | D:2      | Reached skill level 5 in Axes
  1793 | D:2      | Killed Jessica
  1794 | D:2      | Reached XP level 5. HP: 45/48 MP: 4/4
  1825 | D:2      | Noticed Natasha
  1829 | D:2      | Killed Natasha
  1891 | D:2      | Noticed Natasha
  1896 | D:2      | Killed Natasha
  1982 | D:3      | Reached skill level 1 in Dodging
  2459 | D:3      | Found a shimmering blue altar of Sif Muna.
  2554 | D:4      | Found Zoesiekk's Antique Weapon Boutique.
  2554 | D:4      | Found Gootwien's General Store.
  2554 | D:4      | Found Nyla's Antique Armour Boutique.
  2562 | D:4      | Found Keteur's Book Boutique.
  2578 | D:4      | Reached skill level 6 in Axes
  2655 | D:4      | Found a blossoming altar of Fedhas.
  2844 | D:4      | Reached XP level 6. HP: 56/56 MP: 5/5
  3057 | D:5      | Entered Level 5 of the Dungeon
  3057 | D:5      | Noticed Pikel
  3064 | D:5      | Slain by Pikel

Illustrated notes

Levels and vault maps discovered:
D:1:      minmay_arrival_four_circles, layout_basic,
          ebering_ecumenical_altar_sacrificial
D:2:      layout_rooms, minmay_liquid_box, minmay_tromino_v2, uniq_robin,
          uniq_terence, uniq_jessica, uniq_natasha
D:3:      layout_basic, nicolae_sif_muna_little_library
D:4:      layout_cave_pools, mainiacjoe_overflow_small_starburst,
          minmay_shop_grid_forest, lemuel_flame_loot_1
D:5:      layout_cave_pods, lemuel_coloured_pillars_altar,
          nicolae_uskayaw_dance_hall, eino_tiny_chamber, grunt_decor_arrowhead,
          bh_walls_and_bars, uniq_pikel, uniq_duvessa

Skill      XL: |  1  2  3  4  5 |
---------------+----------------+-----
Fighting       | 4 5 |  5.4
Axes           | 3 4 5 6 |  6.1
Dodging        | 1 |  1.8
Armour         | |  3.6
Shields        | |  3.6

Action                   |  1- 3 |  4- 6 || total
-------------------------+-------+-------++-------
Melee: War axe           |    52 |   102 ||   154
       Headbutt          |    11 |    17 ||    28
Invok: Lunge             |     4 |     3 ||     7
       Whirlwind         |     1 |       ||     1
  Use: Scroll            |     1 |     3 ||     4
       Potion            |       |     1 ||     1
Armor: Scale mail        |    24 |    53 ||    77
       Chain mail        |       |    13 ||    13
Dodge: Dodged            |    18 |    47 ||    65
Block: Buckler           |    13 |    23 ||    36

Table legend: (Time is in decaauts)
 A = Elapsed time spent in this place.
 B = Non-inter-level travel time spent in this place.
 C = Inter-level travel time spent in this place.
 D = Time resting spent in this place.
 E = Time spent auto-exploring this place.
 F = Levels seen in this place.
 G = Mean time per level.
                   A        B        C        D        E       F      G
               +--------+--------+--------+--------+--------+-----+--------+
         Total |   3114 |   3020 |     94 |    527 |   1969 |   5 |  622.8 |
       Dungeon |   3114 |   3020 |     94 |    527 |   1969 |   5 |  622.8 |
               +--------+--------+--------+--------+--------+-----+--------+

Top non-repeatable levels by time:
     D:1: 1228 daAuts
     D:2: 745 daAuts
     D:3: 624 daAuts
     D:4: 508 daAuts
     D:5: 7 daAuts
